 Dungeon Crawl Stone Soup version 0.27-a0-1140-g099f9bb0e8 (webtiles) character file.

Game seed: 16871285968124463151

777 Ijustatesigmund the Chopper (level 7, -7/50 HPs)
             Began as an Octopode Fighter on May 10, 2021.
             Mangled by an orc warrior
             ... wielding a +0 glaive
              (17 damage)
             ... on level 4 of the Dungeon.
             The game lasted 00:08:53 (4750 turns).

Ijustatesigmund the Chopper (Octopode Fighter)      Turns: 4750, Time: 00:08:53

Health: -7/50      AC:  5    Str: 16    XL:     7   Next: 84%
Magic:  7/7        EV: 12    Int: 11    God:
Gold:   177        SH:  9    Dex: 12    Spells: 6/6 levels left

rFire    . . .     SeeInvis .   a - +1 war axe
rCold    . . .     Faith    .   b - +0 kite shield
rNeg     . . .     Spirit   .   (helmet restricted)
rPois    .         Reflect  .   h - amulet of magic regeneration
rElec    .         Harm     .   e - +4 ring of protection
rCorr    .         Rampage  .   (no ring)
Will     .....                  (no ring)
Stlth    ++........             (no ring)
HPRegen  0.16/turn              (no ring)
MPRegen  0.35/turn              (no ring)
                                (no ring)
                                (no ring)

@: hasted, very quick
A: almost no armour, amphibious, 8 rings, camouflage 1, gelatinous body 1,
(nimble swimmer 1), tentacles
a: no special abilities


You were on level 4 of the Dungeon.
You visited 1 branch of the dungeon, and saw 5 of its levels.

You collected 177 gold pieces.

Inventory:

Hand Weapons
 a - a +1 war axe (weapon)
Armour
 b - a +0 kite shield (worn)
Jewellery
 e - a +4 ring of protection (left tentacle)
 h - an amulet of magic regeneration (around mantle)
Wands
 f - a wand of charming (3)
Scrolls
 k - a scroll of teleportation
Potions
 c - a potion of might
 d - a potion of brilliance
 g - a potion of invisibility
Miscellaneous
 j - a condenser vane (inert)


   Skills:
 + Level 5.0 Fighting
 + Level 5.5 Axes
 - Level 4.3 Dodging
 - Level 4.3 Shields
 + Level 2.4 Evocations


You had 6 spell levels left.
You didn't know any spells.
Your spell library contained the following spells:

 Spells                   Type           Power      Damage    Failure   Level
 Animate Skeleton         Necr           0%         N/A       80%         1
 Pain                     Necr           0%         1d4       80%         1
 Vampiric Draining        Necr           0%         2d6       99%         3
 Animate Dead             Necr           0%         N/A       100%        4
 Agony                    Necr           0%         N/A       100%        5


Dungeon Overview and Level Annotations

Branches:
Dungeon (5/15)
 Temple: D:4-7

Altars:
Qazlal
Vehumet
Yredelemnul

Shops:
D:1 [

Annotations:
D:4 exclusion: statue
D:5 Dowan, Duvessa


Innate Abilities, Weirdness & Mutations

You cannot wear most types of armour.
You are amphibious.
You can wear up to eight rings at the same time.
Your skin changes colour to match your surroundings (Stealth+).
Your rubbery body absorbs attacks. (AC +1, EV +1)
((You are camouflaged near water. (Stealth+)))
You have tentacles for arms and can constrict up to eight enemies at once.


Message History

You block the jackal's attack. The orc warrior barely misses you.
You closely miss the jackal. Your grab misses the jackal.
You squeeze the jackal.
The jackal is almost dead.
You block the jackal's attack. The orc warrior closely misses you.
The jackal completely misses you.
You closely miss the jackal. Your grab misses the jackal.
The jackal is almost dead.
You block the jackal's attack. The orc warrior closely misses you.
The jackal completely misses you.
The orc warrior hits you from afar with a +0 glaive!
You closely miss the jackal. You grab the jackal. You squeeze the jackal.
You kill the jackal!
The orc warrior barely misses you.
The orc warrior hits you with a +0 glaive!
The jackal barks!
You slash the orc warrior! You grab the orc warrior.
The orc warrior is moderately wounded.
You constrict the orc warrior, but do no damage.
The orc warrior closely misses you.
You hit the orc warrior but do no damage.
You squeeze the orc warrior, but do no damage.
The orc warrior is moderately wounded.
You constrict the orc warrior. The orc warrior barely misses you.
You block the orc warrior's attack.
You hit the orc warrior but do no damage.
You squeeze the orc warrior.
The orc warrior is heavily wounded.
You constrict the orc warrior, but do no damage.
You block the orc warrior's attack.
You hit the orc warrior but do no damage.
The orc warrior is heavily wounded.
You constrict the orc warrior, but do no damage.
The orc warrior hits you with a +0 glaive!!
* * * LOW HITPOINT WARNING * * *
You block the orc warrior's attack.
You are too injured to fight recklessly!
You feel yourself speed up.
You constrict the orc warrior.
The orc warrior hits you with a +0 glaive!
You die...

≈≈≈≈≈≈≈≈≈≈≈≈≈≈≈≈≈≈≈≈≈≈≈≈≈≈≈≈≈≈≈≈#
≈≈≈≈≈≈≈≈≈≈≈≈≈≈≈≈≈≈≈≈≈≈≈≈≈≈≈≈≈≈≈≈#
≈≈≈.≈≈.≈≈≈≈.≈≈≈≈≈.≈≈≈≈).≈≈...≈≈≈#
......................).........#
......................(.........#
.###################.##.##..#####
## #.)))...........#
###############.############.##
................@>....... #.#
###############o#.####### #.#
.>.o....h#.# #.# .........### #.#
........... #.# .........### #)#
.........# #.# .........# #.#
.........# #.#


You could see an orc warrior and a jackal.

Vanquished Creatures
  A black bear (D:4)
  A necrophage (D:5)
  Blork the orc (D:5)
  A water moccasin skeleton (D:3)
  A wight (D:4)
  A jelly (D:4)
  A human zombie (D:4)
  An orc priest (D:4)
  A scorpion zombie (D:4)
  2 iguanas (D:4)
  5 hound zombies (D:4)
  A mummy (D:4)
  A howler monkey zombie (D:4)
  3 adders
  3 gnolls (D:4)
  2 adder zombies (D:4)
  2 worms (D:2)
  A dart slug (D:1)
  8 orcs
  6 ball pythons
  8 bats
  7 endoplasms
  2 giant cockroaches
  21 goblins
  19 hobgoblins
  15 jackals
  4 kobolds
  6 quokkas
  4 frilled lizards
  19 rats
148 creatures vanquished.

Notes
Turn   | Place    | Note
-------+----------+-------------------------------------------
     0 | D:1      | Ijustatesigmund the Octopode Fighter began the quest for
                  | the Orb.
     0 | D:1      | Reached XP level 1. HP: 16/16 MP: 1/1
   126 | D:1      | Reached XP level 2. HP: 13/21 MP: 2/2
   363 | D:1      | Found a faded altar of an unknown god.
   438 | D:1      | Found Lyinul's Armour Emporium.
   469 | D:1      | Reached XP level 3. HP: 26/26 MP: 3/3
  1308 | D:2      | Reached XP level 4. HP: 31/31 MP: 4/4
  1980 | D:3      | Found a stormy altar of Qazlal.
  2319 | D:3      | Reached XP level 5. HP: 25/37 MP: 5/5
  2743 | D:4      | Found a radiant altar of Vehumet.
  2743 | D:4      | Noticed a charred statue
  2882 | D:4      | Found a basalt altar of Yredelemnul.
  2922 | D:4      | Reached XP level 6. HP: 42/43 MP: 6/6
  3382 | D:4      | Noticed an orc warrior
  3491 | D:4      | Noticed a black bear
  3497 | D:4      | Killed a black bear
  3498 | D:4      | Reached skill level 5 in Axes
  3498 | D:4      | Reached XP level 7. HP: 46/49 MP: 7/7
  3970 | D:4      | Reached skill level 1 in Evocations
  4574 | D:5      | Entered Level 5 of the Dungeon
  4574 | D:5      | Noticed Blork the orc
  4653 | D:5      | Killed Blork the orc
  4655 | D:5      | Reached skill level 5 in Fighting
  4725 | D:5      | Noticed Duvessa
  4725 | D:5      | Noticed Dowan
  4750 | D:4      | Mangled by an orc warrior

Illustrated notes

Levels and vault maps discovered:
D:1:      dpeg_arrival_ratfight, layout_basic, serial_shops,
          nicolae_shop_competitors_out_of_business,
          ebering_ecumenical_altar_box, eino_curves_04, minmay_tree_intersection
D:2:      layout_rooms, minmay_rat_gold_closets
D:3:      layout_basic, overflow_temple_1_default, kennysheep_small_spiral
D:4:      minmay_goblin_kobold_castle, layout_basic, vehumet_statue,
          lemuel_mausoleum_altar_yredelemnul
D:5:      layout_basic, minitemple, minmay_temple_entry_statues_fountains,
          uniq_grinder, uniq_duvessa, uniq_blork_the_orc

Skill      XL: |  1  2  3  4  5  6  7 |
---------------+----------------------+-----
Axes           | 3 4 5 |  5.5
Fighting       | 4 5 |  5.0
Dodging        | 4 |  4.3
Shields        | 4 |  4.3
Evocations     | 2 |  2.4

Action                   |  1- 3 |  4- 6 |  7- 9 || total
-------------------------+-------+-------+-------++-------
Melee: War axe           |    66 |   102 |    80 ||   248
       Constrict         |    17 |    27 |    23 ||    67
       Tentacles         |    17 |    29 |    17 ||    63
Evoke: Wand              |       |       |     5 ||     5
       Condenser vane    |       |       |     1 ||     1
  Use: Scroll            |     2 |     6 |     2 ||    10
       Potion            |     1 |       |     2 ||     3
 Stab: Sleeping          |     5 |    17 |     1 ||    23
       Distracted        |       |     1 |       ||     1
Armor: Skin              |     9 |    22 |    20 ||    51
Dodge: Dodged            |    46 |    42 |    42 ||   130
Block: Kite shield       |    41 |    35 |    49 ||   125

Table legend: (Time is in decaauts)
 A = Elapsed time spent in this place.
 B = Non-inter-level travel time spent in this place.
 C = Inter-level travel time spent in this place.
 D = Time resting spent in this place.
 E = Time spent auto-exploring this place.
 F = Levels seen in this place.
 G = Mean time per level.
                   A        B        C        D        E       F      G
               +--------+--------+--------+--------+--------+-----+--------+
         Total |   4882 |   4792 |     90 |   1129 |   2615 |   5 |  976.4 |
       Dungeon |   4882 |   4792 |     90 |   1129 |   2615 |   5 |  976.4 |
               +--------+--------+--------+--------+--------+-----+--------+

Top non-repeatable levels by time:
     D:4: 1904 daAuts
     D:2: 986 daAuts
     D:1: 920 daAuts
     D:3: 901 daAuts
     D:5: 168 daAuts
